MID
GREENSBORO GRASSHOPPERS @ AUGUSTA GREENJACKETS
08/06/2048
 
TOP OF THE 1ST
Greensboro Grasshoppers batting - Pitching for Augusta GreenJackets : RHP Carlos Solis
Pitching: RHP Carlos Solis
Batting: RHB Harrie de Kam 0-0: Called Strike
0-1: Ball
1-1: Swinging Strike
1-2: Ball
2-2: Foul Ball, location: 2F
2-2: TRIPLE (Line Drive, 8RXD, EV 105.6 MPH)
Batting: RHB Rafael Irizarry 0-0: Foul Ball, location: 2F
0-1: Swinging Strike
0-2: Ball
1-2: Foul Ball, location: 2F
1-2: Strikes out swinging passed ball, reaches first!
Harrie de Kam scores
Batting: LHB Ryan Karg 0-0: Ball
Rafael Irizarry steals 2nd base (no throw)
1-0: SINGLE (Line Drive, 89M, EV 105.6 MPH)
Rafael Irizarry to third
Batting: LHB Angelo Estrella 0-0: Ball
1-0: Grounds into double play, 6-4-3 (Groundball, 56, EV 80.6 MPH)
Rafael Irizarry scores
Batting: RHB Chris Alft 0-0: Ball
1-0: Called Strike
1-1: Foul Ball, location: 2F
1-2: Foul Ball, location: 2F
1-2: Strikes out looking
Top of the 1st over - 2 runs, 2 hits, 0 errors, 0 left on base; Greensboro 2 - Augusta 0
BOTTOM OF THE 1ST
Augusta GreenJackets batting - Pitching for Greensboro Grasshoppers : LHP Melvin Castro
Pitching: LHP Melvin Castro
Batting: LHB Joe Hoover 0-0: Foul Ball, location: 2F
0-1: Fly out, F8 (Flyball, 8RXD, EV 106.9 MPH)
Batting: RHB Tony Harper 0-0: Ball
1-0: Swinging Strike
1-1: Ball
2-1: Ball
3-1: Called Strike
3-2: SINGLE (Line Drive, 8LS, EV 110.0 MPH)
Batting: RHB Zach Maguire 0-0: Ball
1-0: SINGLE (Line Drive, 78S, EV 106.2 MPH)
Tony Harper to second
Batting: LHB Steve Nevis 0-0: Ball
1-0: Ball
2-0: Swinging Strike
2-1: Ball
Wild Pitch!
Tony Harper to third
Zach Maguire to second
3-1: DOUBLE (Line Drive, 9LD, EV 101.9 MPH)
Tony Harper scores
Zach Maguire scores
Batting: RHB Dave Perron 0-0: Ball
1-0: SINGLE (Groundball, 56S, EV 67.5 MPH) (infield hit)
Steve Nevis to third
Batting: LHB Chris West 0-0: Called Strike
0-1: Swinging Strike
0-2: Grounds into double play, 4-6-3 (Groundball, 34, EV 102.5 MPH)
Bottom of the 1st over - 2 runs, 4 hits, 0 errors, 1 left on base; Greensboro 2 - Augusta 2
TOP OF THE 2ND
Greensboro Grasshoppers batting - Pitching for Augusta GreenJackets : RHP Carlos Solis
Batting: LHB Justin Blakely 0-0: Called Strike
0-1: Ball
1-1: Ball
2-1: Ball
3-1: Base on Balls
Batting: RHB J.D. Vander Klok 0-0: Called Strike
0-1: Fielders Choice at 2nd, 5-4 (Groundball, 56, EV 79.4 MPH)
Batting: RHB Dennis Coppolino 0-0: Swinging Strike
0-1: Ball
1-1: Ball
2-1: Swinging Strike
2-2: Foul Ball, location: 2F
2-2: Foul Ball, location: 2F
2-2: Ball
3-2: Base on Balls
J.D. Vander Klok to second
Batting: RHB Nick Dunton 0-0: Ball
1-0: Foul Ball, location: 2F
1-1: Foul Ball, location: 2F
1-2: Fly out, F9 (Flyball, 9D, EV 98.1 MPH)
Runner from 2nd tags up, SAFE at 3rd, no throw by RF
Batting: RHB Harrie de Kam 0-0: Ball
1-0: Ball
2-0: Swinging Strike
2-1: Ball
3-1: Foul Ball, location: 2F
3-2: Strikes out looking
Top of the 2nd over - 0 runs, 0 hits, 0 errors, 2 left on base; Greensboro 2 - Augusta 2
BOTTOM OF THE 2ND
Augusta GreenJackets batting - Pitching for Greensboro Grasshoppers : LHP Melvin Castro
Batting: RHB Gary Sampson 0-0: Ground out 6-3 (Groundball, 6, EV 86.2 MPH)
Batting: RHB Ruben Irizarry 0-0: DOUBLE (Flyball, 8RD, EV 86.9 MPH)
Batting: RHB Harry Dickson 0-0: Fly out, F7 (Flyball, 78S, EV 91.2 MPH)
Batting: LHB Joe Hoover 0-0: Called Strike
0-1: Ball
1-1: DOUBLE (Line Drive, 7LM, EV 96.9 MPH)
Ruben Irizarry scores
Batting: RHB Tony Harper 0-0: Ball
1-0: SINGLE (Flyball, 8LS, EV 92.5 MPH)
Joe Hoover to third
Runner from 3rd tries for Home, throw by LF and OUT! 7-2
Bottom of the 2nd over - 1 run, 3 hits, 0 errors, 1 left on base; Greensboro 2 - Augusta 3
TOP OF THE 3RD
Greensboro Grasshoppers batting - Pitching for Augusta GreenJackets : RHP Carlos Solis
Batting: RHB Rafael Irizarry 0-0: Ball
1-0: Swinging Strike
1-1: Swinging Strike
1-2: Strikes out swinging
Batting: LHB Ryan Karg 0-0: Ball
1-0: Ball
2-0: Foul Ball, location: 2F
2-1: Swinging Strike
2-2: Ball
3-2: Foul Ball, location: 2F
3-2: Foul Ball, location: 2F
3-2: Base on Balls
Batting: LHB Angelo Estrella 0-0: SINGLE (Flyball, 78S, EV 93.8 MPH)
Ryan Karg to second
Batting: RHB Chris Alft 0-0: Ball
1-0: Called Strike
1-1: Grounds into double play, 6-4-3 (Groundball, 6, EV 81.9 MPH)
Top of the 3rd over - 0 runs, 1 hit, 0 errors, 1 left on base; Greensboro 2 - Augusta 3
BOTTOM OF THE 3RD
Augusta GreenJackets batting - Pitching for Greensboro Grasshoppers : LHP Melvin Castro
Batting: RHB Zach Maguire 0-0: Foul Ball, location: 2F
0-1: Ball
1-1: Ball
2-1: Foul Ball, location: 2F
2-2: Foul Ball, location: 2F
2-2: SINGLE (Groundball, 25, EV 54.4 MPH) (infield hit)
Pitching: RHP Joe Lynn
Batting: LHB Steve Nevis 0-0: Called Strike
0-1: Foul Ball, location: 2F
0-2: Ball
1-2: Ball
2-2: Strikes out swinging
Batting: RHB Dave Perron 0-0: Called Strike
0-1: Foul Ball, location: 2F
0-2: SINGLE (Line Drive, 9S, EV 108.8 MPH)
Zach Maguire to second
Batting: LHB Chris West 0-0: Called Strike
0-1: Ball
1-1: Swinging Strike
1-2: Strikes out swinging
Batting: RHB Gary Sampson 0-0: Called Strike
0-1: Ball
1-1: Foul Ball, location: 2F
1-2: Ball
2-2: Strikes out swinging
Bottom of the 3rd over - 0 runs, 2 hits, 0 errors, 2 left on base; Greensboro 2 - Augusta 3
TOP OF THE 4TH
Greensboro Grasshoppers batting - Pitching for Augusta GreenJackets : RHP Carlos Solis
Batting: LHB Justin Blakely 0-0: Swinging Strike
0-1: Ball
1-1: Ground out 4-3 (Groundball, 4, EV 83.1 MPH)
Batting: RHB J.D. Vander Klok 0-0: Ground out 6-3 (Groundball, 6, EV 105.6 MPH)
Batting: RHB Dennis Coppolino 0-0: Called Strike
0-1: SINGLE (Groundball, 34D, EV 107.5 MPH)
Batting: RHB Nick Dunton 0-0: Called Strike
0-1: Ball
1-1: Ball
2-1: Foul Ball, location: 2F
2-2: Strikes out swinging
Top of the 4th over - 0 runs, 1 hit, 0 errors, 1 left on base; Greensboro 2 - Augusta 3
BOTTOM OF THE 4TH
Augusta GreenJackets batting - Pitching for Greensboro Grasshoppers : RHP Joe Lynn
Batting: RHB Ruben Irizarry 0-0: Called Strike
0-1: Ball
1-1: Ground out 3-1 (Groundball, 13, EV 85.0 MPH)
Pitching: RHP Adam Brown
Batting: RHB Harry Dickson 0-0: Ball
1-0: Swinging Strike
1-1: Ball
2-1: Ball
3-1: Called Strike
3-2: Base on Balls
Batting: LHB Joe Hoover 0-0: Ball
1-0: Ball
2-0: Foul Ball, location: 2F
2-1: Ball
3-1: Base on Balls
Harry Dickson to second
Batting: RHB Tony Harper 0-0: Ball
1-0: Ball
2-0: SINGLE (Line Drive, 9S, EV 98.8 MPH)
Harry Dickson to third
Joe Hoover to second
Batting: RHB Zach Maguire 0-0: Ball
1-0: Ball
2-0: Foul Ball, location: 2F
2-1: Ball
3-1: Fly out, F3 (Popup, 3L, EV 70.0 MPH)
Pitching: RHP Mike Yorke
Batting: LHB Steve Nevis 0-0: Ball
1-0: SINGLE (Groundball, 5D, EV 99.4 MPH)
Harry Dickson scores
Joe Hoover to third
Tony Harper to second
Runner from 3rd tries for Home, SAFE, throw by LF to home
Batting: RHB Dave Perron 0-0: Foul Ball, location: 2F
0-1: 3-RUN HOME RUN (Flyball, 7D, EV 96.2 MPH), Distance : 383 ft
Batting: LHB Chris West 0-0: Called Strike
0-1: Foul Ball, location: 2F
0-2: Foul Ball, location: 2F
0-2: Ball
1-2: Ball
2-2: Ball
3-2: Foul Ball, location: 2F
3-2: Strikes out swinging
Bottom of the 4th over - 5 runs, 3 hits, 0 errors, 0 left on base; Greensboro 2 - Augusta 8
TOP OF THE 5TH
Greensboro Grasshoppers batting - Pitching for Augusta GreenJackets : RHP Carlos Solis
Batting: RHB Harrie de Kam 0-0: Swinging Strike
0-1: Ball
1-1: Foul Ball, location: 2F
1-2: SINGLE (Groundball, 56D, EV 96.2 MPH)
Batting: RHB Rafael Irizarry 0-0: Called Strike
Harrie de Kam steals 2nd base
0-1: Ball
Wild Pitch!
Harrie de Kam to third
1-1: Foul Ball, location: 2F
1-2: Ball
2-2: Ball
3-2: Base on Balls
Batting: LHB Ryan Karg 0-0: Ball
Rafael Irizarry steals 2nd base
1-0: Ball
2-0: Called Strike
2-1: Called Strike
2-2: Ball
3-2: Foul Ball, location: 2F
3-2: Foul Ball, location: 2F
3-2: Foul Ball, location: 2F
3-2: Foul Ball, location: 2F
3-2: Base on Balls
Pitching: RHP Sam Drews
Batting: LHB Angelo Estrella 0-0: Foul Ball, location: 2F
0-1: Ball
1-1: Swinging Strike
1-2: Ball
2-2: Strikes out swinging
Batting: RHB Chris Alft 0-0: Called Strike
0-1: Grounds into double play, 6-4-3 (Groundball, 6, EV 81.9 MPH)
Top of the 5th over - 0 runs, 1 hit, 0 errors, 2 left on base; Greensboro 2 - Augusta 8
BOTTOM OF THE 5TH
Augusta GreenJackets batting - Pitching for Greensboro Grasshoppers : RHP Mike Yorke
Batting: RHB Gary Sampson 0-0: Called Strike
0-1: Ball
1-1: Swinging Strike
1-2: Ball
2-2: Foul Ball, location: 2F
2-2: Ball
3-2: Ground out 6-3 (Groundball, 6MD, EV 94.4 MPH)
Pitching: RHP Bill Padgett
Batting: RHB Ruben Irizarry 0-0: Ground out 1-3 (Groundball, 15, EV 73.1 MPH)
Batting: RHB Harry Dickson 0-0: TRIPLE (Flyball, 8LXD, EV 96.9 MPH)
Batting: LHB Joe Hoover 0-0: Swinging Strike
0-1: Called Strike
0-2: Foul Ball, location: 2F
0-2: Ball
1-2: Ball
2-2: Foul Ball, location: 2F
2-2: Ball
3-2: Base on Balls
Batting: RHB Tony Harper 0-0: 3-RUN HOME RUN (Flyball, 7LD, EV 95.6 MPH), Distance : 340 ft
Batting: RHB Zach Maguire 0-0: Ball
1-0: Ball
2-0: Foul Ball, location: 2F
2-1: Swinging Strike
2-2: Ball
3-2: Base on Balls
Batting: LHB Steve Nevis 0-0: Called Strike
0-1: Fielders Choice at 2nd, 6-4 (Groundball, 6, EV 81.2 MPH)
Bottom of the 5th over - 3 runs, 2 hits, 0 errors, 1 left on base; Greensboro 2 - Augusta 11
TOP OF THE 6TH
Greensboro Grasshoppers batting - Pitching for Augusta GreenJackets : RHP Sam Drews
Batting: LHB Justin Blakely 0-0: Called Strike
0-1: Called Strike
0-2: Strikes out swinging
Batting: RHB J.D. Vander Klok 0-0: Ball
1-0: Foul Ball, location: 2F
1-1: Foul Ball, location: 2F
1-2: Ground out 5-3 (Groundball, 5L, EV 84.4 MPH)
Batting: RHB Dennis Coppolino 0-0: Ball
1-0: Called Strike
1-1: Called Strike
1-2: Ball
2-2: Strikes out swinging
Top of the 6th over - 0 runs, 0 hits, 0 errors, 0 left on base; Greensboro 2 - Augusta 11
BOTTOM OF THE 6TH
Augusta GreenJackets batting - Pitching for Greensboro Grasshoppers : RHP Bill Padgett
Pitching: RHP Dan Durand
Batting: RHB Dave Perron 0-0: Called Strike
0-1: Hit by Pitch
Batting: LHB Chris West 0-0: Fielders Choice at 2nd, 3-6 (Groundball, 3, EV 88.1 MPH)
Batting: RHB Gary Sampson 0-0: SINGLE (Groundball, 6MD, EV 111.2 MPH)
Chris West to second
Batting: RHB Ruben Irizarry 0-0: Ball
1-0: SINGLE (Line Drive, 7S, EV 86.9 MPH)
Chris West to third
Gary Sampson to second
Runner from 3rd tries for Home, SAFE, throw by LF to home
Batting: RHB Harry Dickson 0-0: Fielders Choice at 2nd, 6-4 (Groundball, 6MS, EV 83.8 MPH)
Gary Sampson to third
Batting: LHB Joe Hoover 0-0: Called Strike
0-1: Foul Ball, location: 2F
0-2: Ball
1-2: Foul Ball, location: 2F
1-2: Ball
2-2: Ball
3-2: Strikes out swinging
Bottom of the 6th over - 1 run, 2 hits, 0 errors, 2 left on base; Greensboro 2 - Augusta 12
TOP OF THE 7TH
Greensboro Grasshoppers batting - Pitching for Augusta GreenJackets : RHP Sam Drews
Batting: RHB Nick Dunton 0-0: Ball
1-0: Called Strike
1-1: Fly out, F7 (Flyball, 78M, EV 89.4 MPH)
Batting: RHB Harrie de Kam 0-0: SINGLE (Line Drive, 56, EV 94.4 MPH)
Batting: RHB Rafael Irizarry 0-0: Called Strike
Harrie de Kam steals 2nd base (no throw)
0-1: Ball
Harrie de Kam steals 3rd base
1-1: Ball
2-1: Called Strike
2-2: Strikes out swinging
Batting: LHB Ryan Karg 0-0: Ball
1-0: Ball
2-0: Ground out 1-3 (Groundball, 34S, EV 67.5 MPH)
Top of the 7th over - 0 runs, 1 hit, 0 errors, 1 left on base; Greensboro 2 - Augusta 12
BOTTOM OF THE 7TH
Augusta GreenJackets batting - Pitching for Greensboro Grasshoppers : RHP Dan Durand
Pinch Hitting: RHB Ryan Bentz 0-0: Reached via error on a dropped throw from 1B, E1 (Groundball, 34S, EV 83.1 MPH)
Batting: RHB Zach Maguire 0-0: DOUBLE (Groundball, 5L, EV 103.1 MPH)
Ryan Bentz to third
Batting: LHB Steve Nevis 0-0: Ball
1-0: Called Strike
1-1: Foul Ball, location: 2F
1-2: SINGLE (Groundball, 5D, EV 109.4 MPH)
Ryan Bentz scores
Zach Maguire to third
Pitching: RHP Nate Crofts
Batting: RHB Dave Perron 0-0: Ball
1-0: Ball
2-0: Ball
3-0: Swinging Strike
3-1: Foul Ball, location: 2F
3-2: Base on Balls
Steve Nevis to second
Batting: LHB Chris West 0-0: Ball
1-0: Grounds into double play, 4-6-3 (Groundball, 34, EV 84.4 MPH)
Zach Maguire scores
Steve Nevis to third
Batting: RHB Gary Sampson 0-0: Ground out 6-3 (Groundball, 6, EV 81.2 MPH)
Bottom of the 7th over - 2 runs, 2 hits, 1 error, 1 left on base; Greensboro 2 - Augusta 14
TOP OF THE 8TH
Greensboro Grasshoppers batting - Pitching for Augusta GreenJackets : RHP Sam Drews
Now at 3B: Adam Oldfield
Batting: LHB Angelo Estrella 0-0: Ball
1-0: Ball
2-0: Ball
3-0: Base on Balls
Batting: RHB Chris Alft 0-0: Called Strike
0-1: Called Strike
0-2: Strikes out looking
Batting: LHB Justin Blakely 0-0: SINGLE (Groundball, 4MD, EV 101.9 MPH)
Angelo Estrella to second
Batting: RHB J.D. Vander Klok 0-0: Ball
1-0: Ball
2-0: Reached on error, E3 (Groundball, 34S, EV 83.1 MPH)
Angelo Estrella to third
Justin Blakely to second
Batting: RHB Dennis Coppolino 0-0: Ball
1-0: Fly out, F7 (Flyball, 78M, EV 89.4 MPH)
Batting: RHB Nick Dunton 0-0: Fielders Choice at 2nd, U6 (Groundball, 6M, EV 81.9 MPH)
Top of the 8th over - 0 runs, 1 hit, 1 error, 3 left on base; Greensboro 2 - Augusta 14
BOTTOM OF THE 8TH
Augusta GreenJackets batting - Pitching for Greensboro Grasshoppers : RHP Nate Crofts
Batting: RHB Ruben Irizarry 0-0: Ball
1-0: Called Strike
1-1: Foul Ball, location: 2F
1-2: Foul Ball, location: 2F
1-2: Ball
2-2: Fly out, F8 (Flyball, 8LM, EV 90.0 MPH)
Batting: RHB Harry Dickson 0-0: Ground out 5-3 (Groundball, 56, EV 99.4 MPH)
Batting: LHB Joe Hoover 0-0: Called Strike
0-1: Ball
1-1: Called Strike
1-2: Foul Ball, location: 2F
1-2: Ball
2-2: Foul Ball, location: 2F
2-2: Ball
3-2: SINGLE (Groundball, 6M, EV 85.0 MPH) (infield hit)
Batting: LHB Adam Oldfield 0-0: Foul Ball, location: 2F
0-1: Swinging Strike
0-2: DOUBLE (Line Drive, 78M, EV 93.8 MPH)
Joe Hoover to third
Runner from 3rd tries for Home, SAFE, no throw by LF
Batting: RHB Zach Maguire 0-0: Called Strike
0-1: Ball
1-1: Foul Ball, location: 2F
1-2: Strikes out looking
Bottom of the 8th over - 1 run, 2 hits, 0 errors, 1 left on base; Greensboro 2 - Augusta 15
TOP OF THE 9TH
Greensboro Grasshoppers batting - Pitching for Augusta GreenJackets : RHP Sam Drews
Batting: RHB Harrie de Kam 0-0: SOLO HOME RUN (Flyball, 7D, EV 96.9 MPH), Distance : 374 ft
Batting: RHB Rafael Irizarry 0-0: Ball
1-0: Called Strike
1-1: Foul Ball, location: 2F
1-2: Foul Ball, location: 2F
1-2: Ball
2-2: Ball
3-2: Foul Ball, location: 2F
3-2: Strikes out looking
Pitching: RHP Nick McDade
Batting: LHB Ryan Karg 0-0: Ball
1-0: Ball
2-0: Called Strike
2-1: Called Strike
2-2: Foul Ball, location: 2F
2-2: Foul Ball, location: 2F
2-2: Strikes out swinging
Batting: LHB Angelo Estrella 0-0: Foul Ball, location: 2F
0-1: Foul Ball, location: 2F
0-2: Foul Ball, location: 2F
0-2: Ground out 5-3 (Groundball, 56, EV 84.4 MPH)
Top of the 9th over - 1 run, 1 hit, 0 errors, 0 left on base; Greensboro 3 - Augusta 15
Tuesday, March 28th , 2023 - OOTP Baseball 23.10 Build 110